 Dungeon Crawl Stone Soup version 0.29.0-4-gdea44cf6ec (webtiles) character file.

Game seed: 7232985812468441628

1038 qw the Grappler (level 8, -4/75 HPs)
             Began as a Troll Cinder Acolyte on Aug 31, 2022.
             Was an Elder of Ignis.
             Slain by Pikel
             ... wielding a +0 whip of freezing
              (13 damage)
             ... on level 5 of the Dungeon.
             The game lasted 00:02:18 (3955 turns).

qw the Grappler (Troll Cinder Acolyte)              Turns: 3955, Time: 00:02:19

Health: -4/75      AC: -1    Str: 25    XL:     8   Next: 4%
Magic:  8/8        EV:  9    Int: 10    God:    Ignis [****..]
Gold:   307        SH:  0    Dex:  5    Spells: 9/9 levels left

rFire   + . .      SeeInvis .     - Unarmed
rCold   . . .      Faith    .   (no shield)
rNeg    . . .      Spirit   .   a - +0 robe
rPois   .          Reflect  .   (helmet restricted)
rElec   .          Harm     .   (no cloak)
rCorr   .          Rampage  .   (gloves unavailable)
Will    .....                   (boots unavailable)
Stlth   +.........              (no amulet)
HPRegen 1.02/turn               (no ring)
MPRegen 0.11/turn               (no ring)

@: corroded, fiery-armoured
A: large, unfitting armour, claws 3, regeneration 1, shaggy fur 1, tough skin 1
a: Renounce Religion, Fiery Armour, Foxfire Swarm, Rising Flame


You were on level 5 of the Dungeon.
You worshipped Ignis.
Ignis was greatly pleased with you.
You visited 1 branch of the dungeon, and saw 5 of its levels.

You collected 307 gold pieces.


Innate Abilities, Weirdness & Mutations

You are too large for most types of armour.
You have claws for hands.
Your natural rate of healing is unusually fast.
You are covered in fur. (AC +1)
You have tough skin. (AC +1)


   Skills:
 - Level 3.0 Fighting
 - Level 1.3 Throwing
 - Level 1.1 Dodging
 + Level 9.3 Unarmed Combat
 - Level 1.0 Spellcasting
 - Level 2.1 Fire Magic


You had 9 spell levels left.
You didn't know any spells.
Your spell library contained the following spells:

 Spells                   Type           Power      Damage    Failure   Level
 Scorch                   Fire           8%         2d5       22%         2

Inventory:

Missiles
 f - 5 boomerangs (quivered)
Armour
 a - a +0 robe (worn)
Jewellery
 n - a +4 ring of protection
 p - a ring of resist corrosion
Scrolls
 l - 4 scrolls of identify
 m - a scroll of poison {unknown}
 o - a scroll of teleportation {unknown}
 q - a scroll of summoning {unknown}
Potions
 b - 2 potions of haste
 c - a potion of flight {unknown}
 d - a potion of invisibility {unknown}
 e - a potion of curing {unknown}
 g - a potion of resistance {unknown}
 h - 2 potions of attraction {unknown}
 i - 3 potions of degeneration {unknown}
 j - 2 potions of might {unknown}
 k - a potion of heal wounds {unknown}

Dungeon Overview and Level Annotations

Branches:
Dungeon (5/15)
 Temple: D:4-7

Altars:
Nemelex Xobeh
Sif Muna
Trog
Xom
Yredelemnul

Annotations:
D:4 1 runed translucent door
D:5 Pikel


Message History

You mangle the lemure!!
The lemure is almost dead.
The lemure barely misses you.
You barely miss the lemure.
The lemure is almost dead.
The lemure closely misses you.
You closely miss the lemure. You claw the lemure.
You kill the lemure!
That felt strangely unrewarding.
You start resting.
HP restored.
A lemure comes into view.
The lemure shouts!
You mangle the lemure!!
The lemure is severely wounded.
You hear a shout!
The lemure hits you.
You claw the lemure!
You kill the lemure!
That felt strangely unrewarding.
Pikel and a lemure come into view.
Pikel is wielding a +0 whip of freezing and carrying a wand of acid (11).
Pikel shouts!
The lemure shouts!
Pikel zaps a wand.
The bolt of acid hits you!! The acid corrodes you!
Pikel zaps a wand.
The bolt of acid hits you!! The acid corrodes you!
You scratch Pikel.
Pikel is lightly wounded.
You closely miss Pikel.
Pikel is lightly wounded.
Pikel zaps a wand.
The bolt of acid hits you!! The acid corrodes you!
3954 ||| INVOKING Fiery Armour.
A protective cloak of flame settles atop you.
Pikel hits you with a +0 whip of freezing!
Pikel freezes you.
Pikel is burned by your cloak of flames.
Pikel is lightly wounded.
You claw Pikel!
Pikel is heavily wounded.
Pikel hits you with a +0 whip of freezing!
You die...

#..........#..##########
##.######..#............
#.# #..##.#########. #.#
#..##.#########. #.#
#..#..........'. #.#
#.............#.
#.######.............+.
#......#.#...........#.
######@#.............+.
#K# .........## #5#
........... #.#
..........# #.#
...:......# #.#
..........# #.#
..........# #.#
..........# .........#


You could see Pikel and a lemure.

Vanquished Creatures
  An orc warrior (D:5)
  A centaur (D:5)
  A phantom (D:3)
  3 lemures (D:5)
  4 scorpions
  A howler monkey (D:5)
  4 hounds
  2 orc priests (D:5)
  A jelly (D:5)
  An iguana (D:4)
  Jessica (D:3)
  2 orc wizards
  A human skeleton (D:4)
  A gnoll (D:3)
  7 adders
  2 worms
  3 dart slugs
  11 orcs
  9 ball pythons
  2 bats (D:3)
  6 endoplasms
  A giant cockroach (D:2)
  4 goblins
  8 hobgoblins
  4 jackals (D:2)
  2 quokkas (D:2)
  3 frilled lizards
  A goblin zombie (D:4)
  6 kobolds
  14 rats
107 creatures vanquished.

Notes
Turn   | Place    | Note
-------+----------+-------------------------------------------
     0 | D:1      | qw the Troll Cinder Acolyte began the quest for the Orb.
     0 | D:1      | Reached XP level 1. HP: 22/22 MP: 1/1
     0 | D:1      | 0 ||| qw: Version: 0.1-a-97-g2dd2ca4
     0 | D:1      | 0 ||| qw: Game counter: 4583
     0 | D:1      | 0 ||| qw: Always use a shield: true
     0 | D:1      | 0 ||| qw: God list: Okawaru
     0 | D:1      | 0 ||| qw: Allow faded altars: false
     0 | D:1      | 0 ||| qw: Do Orc after D:15 true
     0 | D:1      | 0 ||| qw: Do second Lair branch before Depths: true
     0 | D:1      | 0 ||| qw: Lair rune preference: random
     0 | D:1      | 0 ||| qw: Plans: Normal
     0 | D:1      | 0 ||| PLANNING D:1-11
    54 | D:1      | 54 ||| Stepping ~*~*~tactically~*~*~ (outnumbered).
    55 | D:1      | 55 ||| Stepping ~*~*~tactically~*~*~ (outnumbered).
    58 | D:1      | Reached XP level 2. HP: 27/29 MP: 2/2
   218 | D:1      | 218 ||| Stepping ~*~*~tactically~*~*~ (stealth).
   220 | D:1      | 220 ||| Stepping ~*~*~tactically~*~*~ (stealth).
   229 | D:1      | Reached skill level 4 in Unarmed Combat
   459 | D:1      | Reached XP level 3. HP: 35/36 MP: 3/3
   528 | D:1      | 528 ||| READING scroll labelled VOPRYCHUAXUI.
   529 | D:1      | 529 ||| READING scroll labelled HOHUKH YTHRACRAPA.
   630 | D:1      | 630 ||| READING scroll labelled DAONNALIGO.
   631 | D:1      | 631 ||| READING scroll labelled LOAGIF AQAMM.
   632 | D:1      | 632 ||| READING scroll labelled XUMUOD FAIGO.
   664 | D:2      | 664 ||| STAIRDANCE
   810 | D:2      | 810 ||| Stepping ~*~*~tactically~*~*~ (stealth).
   818 | D:2      | 818 ||| Stepping ~*~*~tactically~*~*~ (stealth).
   819 | D:2      | 819 ||| Stepping ~*~*~tactically~*~*~ (stealth).
  1108 | D:2      | 1108 ||| Stepping ~*~*~tactically~*~*~ (stealth).
  1158 | D:2      | 1158 ||| Stepping ~*~*~tactically~*~*~ (stealth).
  1167 | D:2      | Reached XP level 4. HP: 44/44 MP: 4/4
  1384 | D:2      | 1384 ||| Stepping ~*~*~tactically~*~*~ (outnumbered).
  1387 | D:2      | Reached skill level 5 in Unarmed Combat
  1412 | D:2      | 1412 ||| Stepping ~*~*~tactically~*~*~ (hiding).
  1651 | D:3      | Identified the +5 quarterstaff "Kussoss" {flame, rF+ SInv}
  1741 | D:3      | Noticed a phantom
  1751 | D:3      | Killed a phantom
  1752 | D:3      | Reached XP level 5. HP: 31/50 MP: 5/5
  1782 | D:3      | Reached skill level 6 in Unarmed Combat
  1866 | D:3      | Noticed Jessica
  1867 | D:3      | 1867 ||| Stepping ~*~*~tactically~*~*~ (hiding).
  1871 | D:3      | Found a shimmering blue altar of Sif Muna.
  1872 | D:3      | Killed Jessica
  1983 | D:3      | Found a bloodstained altar of Trog.
  2241 | D:3      | 2241 ||| READING scroll labelled WYSIRUIBLY.
  2242 | D:3      | 2242 ||| DRINKING 2 murky amethyst potions.
  2283 | D:4      | Reached XP level 6. HP: 48/59 MP: 6/6
  2283 | D:4      | 2283 ||| STAIRDANCE
  2316 | D:4      | 2316 ||| Stepping ~*~*~tactically~*~*~ (stealth).
  2324 | D:4      | 2324 ||| Stepping ~*~*~tactically~*~*~ (outnumbered).
  2325 | D:4      | 2325 ||| Stepping ~*~*~tactically~*~*~ (outnumbered).
  2326 | D:4      | 2326 ||| Stepping ~*~*~tactically~*~*~ (outnumbered).
  2330 | D:4      | Reached skill level 7 in Unarmed Combat
  2436 | D:4      | 2436 ||| Stepping ~*~*~tactically~*~*~ (outnumbered).
  2437 | D:4      | 2437 ||| Stepping ~*~*~tactically~*~*~ (outnumbered).
  2438 | D:4      | 2438 ||| Stepping ~*~*~tactically~*~*~ (outnumbered).
  2439 | D:4      | 2439 ||| Stepping ~*~*~tactically~*~*~ (outnumbered).
  2440 | D:4      | 2440 ||| Stepping ~*~*~tactically~*~*~ (outnumbered).
  2505 | D:4      | Noticed a human
  2506 | D:4      | Found a runed translucent door.
  2518 | D:4      | Found a basalt altar of Yredelemnul.
  2884 | D:5      | Entered Level 5 of the Dungeon
  2884 | D:5      | Found a sparkling altar of Nemelex Xobeh.
  2901 | D:5      | Reached skill level 8 in Unarmed Combat
  2901 | D:5      | Reached XP level 7. HP: 58/66 MP: 7/7
  3216 | D:5      | 3216 ||| Stepping ~*~*~tactically~*~*~ (outnumbered).
  3225 | D:5      | 3225 ||| Stepping ~*~*~tactically~*~*~ (outnumbered).
  3236 | D:5      | Reached skill level 3 in Fighting
  3238 | D:5      | 3238 ||| FLEEEEING.
  3239 | D:5      | 3239 ||| FLEEEEING.
  3240 | D:5      | 3240 ||| FLEEEEING.
  3241 | D:5      | 3241 ||| FLEEEEING.
  3242 | D:5      | 3242 ||| FLEEEEING.
  3243 | D:5      | 3243 ||| FLEEEEING.
  3335 | D:5      | 3335 ||| Stepping ~*~*~tactically~*~*~ (hiding).
  3336 | D:5      | 3336 ||| FLEEEEING.
  3337 | D:5      | 3337 ||| FLEEEEING.
  3338 | D:5      | 3338 ||| FLEEEEING.
  3339 | D:5      | 3339 ||| FLEEEEING.
  3340 | D:5      | 3340 ||| FLEEEEING.
  3341 | D:5      | 3341 ||| INVOKING Fiery Armour.
  3344 | D:5      | 3344 ||| Stepping ~*~*~tactically~*~*~ (outnumbered).
  3345 | D:5      | 3345 ||| Stepping ~*~*~tactically~*~*~ (outnumbered).
  3346 | D:5      | 3346 ||| Stepping ~*~*~tactically~*~*~ (outnumbered).
  3347 | D:5      | 3347 ||| Stepping ~*~*~tactically~*~*~ (outnumbered).
  3348 | D:5      | 3348 ||| Stepping ~*~*~tactically~*~*~ (outnumbered).
  3349 | D:5      | 3349 ||| Stepping ~*~*~tactically~*~*~ (outnumbered).
  3350 | D:5      | 3350 ||| Stepping ~*~*~tactically~*~*~ (outnumbered).
  3351 | D:5      | 3351 ||| Stepping ~*~*~tactically~*~*~ (outnumbered).
  3351 | D:5      | HP: 15/67 [orc warrior/+2 vorpal war axe (7)]
  3357 | D:5      | 3357 ||| Stepping ~*~*~tactically~*~*~ (outnumbered).
  3492 | D:5      | 3492 ||| INVOKING Fiery Armour.
  3498 | D:5      | Reached skill level 9 in Unarmed Combat
  3598 | D:5      | Found a shimmering altar of Xom.
  3686 | D:5      | Reached skill level 1 in Throwing
  3747 | D:5      | Reached skill level 1 in Dodging
  3880 | D:5      | Reached XP level 8. HP: 67/75 MP: 8/8
  3920 | D:5      | Noticed Pikel
  3923 | D:5      | 3923 ||| Stepping ~*~*~tactically~*~*~ (stealth).
  3927 | D:5      | 3927 ||| FLEEEEING.
  3928 | D:5      | 3928 ||| FLEEEEING.
  3929 | D:5      | 3929 ||| FLEEEEING.
  3930 | D:5      | 3930 ||| FLEEEEING.
  3931 | D:5      | 3931 ||| FLEEEEING.
  3932 | D:5      | 3932 ||| FLEEEEING.
  3954 | D:5      | 3954 ||| INVOKING Fiery Armour.
  3954 | D:5      | HP: 12/75 [Pikel/+0 whip of freezing (11)]
  3955 | D:5      | Slain by Pikel

Levels and vault maps discovered:
D:1:      scummos_arrival_hexagon, layout_rooms, minmay_pentomino_s2
D:2:      layout_basic, corexii_hall_statues_s
D:3:      layout_rooms, nzn_overflow_gifts_of_might_and_magic
D:4:      layout_cave_pools, dk_yredelemnul_ordeal, serial_column_ruins,
          column_ruins_hut_water, column_ruins_hut, column_ruins_open_small,
          column_ruins_columns_straight, column_ruins_corridor_straight,
          column_ruins_open_tiny, column_ruins_columns_straight
D:5:      layout_basic, general_overflow_altar,
          nemelex_xobeh_ov_fountains_minmay, uniq_pikel

Skill      XL: |  1  2  3  4  5  6  7 |
---------------+----------------------+-----
Unarmed Combat | 4 5 6 8 9 |  9.3
Fighting       | 3 |  3.0
Throwing       | 1 |  1.3
Dodging        | 1 |  1.1
Spellcasting   | |  1.0
Fire Magic     | |  2.1

Action                   |  1- 3 |  4- 6 |  7- 9 || total
-------------------------+-------+-------+-------++-------
Melee: Unarmed           |   108 |   113 |    61 ||   282
       Punch             |       |     2 |     3 ||     5
Throw: Boomerang         |       |     3 |     9 ||    12
Invok: Fiery Armour      |       |       |     3 ||     3
  Use: Scroll            |     5 |     1 |       ||     6
       Potion            |       |     1 |       ||     1
Armor: Robe              |    28 |    29 |    11 ||    68
Dodge: Dodged            |    32 |    31 |    22 ||    85

Table legend:
 A = Non-vault XP
 B = Vault XP
 C = Vault XP percentage of total XP
 D = Non-vault monster count
 E = Vault monster count
 F = Vault count percentage of total count
                 A         B        C        D         E       F
            +---------+---------+-------+---------+---------+-------
      Total |    1390 |      93 |   6.3 |      98 |       6 |   5.8
            +---------+---------+-------+---------+---------+-------
        D:1 |      39 |       4 |   9.3 |      26 |       1 |   3.7
        D:2 |      64 |       0 |   0.0 |      23 |       0 |   0.0
        D:3 |     149 |      51 |  25.5 |      11 |       2 |  15.4
        D:4 |     352 |      38 |   9.7 |      19 |       3 |  13.6
        D:5 |     786 |       0 |   0.0 |      19 |       0 |   0.0
            +---------+---------+-------+---------+---------+-------
